 Dungeon Crawl Stone Soup version 0.30-a0-883-g5ad918d77d (webtiles) character file.

Game seed: 10452961540671092899

17 pokedragonboy the Grasshopper (level 2, 0/26 HPs)
             Began as a Naga Warper on Mar 17, 2023.
             Slain by a jackal (1 damage)
             ... on level 1 of the Dungeon.
             The game lasted 00:01:07 (279 turns).

pokedragonboy the Grasshopper (Naga Warper)          Turns: 279, Time: 00:01:07

Health: 0/26       AC:  2    Str: 13    XL:     2   Next: 62%
Magic:  5/5        EV:  9    Int: 13    God:
Gold:   11         SH:  0    Dex: 10    Spells: 1/5 levels left

rFire   . . .      SeeInvis +    a - +0 spear
rCold   . . .      Faith    .    (no shield)
rNeg    . . .      Spirit   .    b - +0 leather armour
rPois   +          Reflect  .    (no helmet)
rElec   .          Rampage  .    (no cloak)
rCorr   .                        (no gloves)
Will    .....                    (no barding)
Stlth   +                        (no amulet)
HPRegen 0.24/turn                (no ring)
MPRegen 0.09/turn                (no ring)

@: very slow
A: AC +0, large, see invisible, deformed body, poison resistance, slowness 2,
spit poison 1, naga tail 1
a: Spit Poison


You were on level 1 of the Dungeon.
You visited 1 branch of the dungeon, and saw 1 of its levels.

You collected 11 gold pieces.

Inventory:

Hand Weapons
 a - a +0 spear (weapon)
Missiles
 d - 7 boomerangs of dispersal
Armour
 b - a +0 leather armour (worn)
Scrolls
 c - a scroll of blinking


   Skills:
 + Level 2.1 Fighting
 * Level 2.4 Polearms
 - Level 0.8 Throwing
 - Level 1.0 Armour
 + Level 1.8 Dodging
 - Level 2.0 Spellcasting
 + Level 3.1 Translocations


You had one spell level left.
You knew the following spells:

 Your Spells              Type           Power      Damage    Failure   Level
b - Lesser Beckoning      Tloc           18%        N/A       14%         2
m - Blink                 Tloc           18%        N/A       14%         2

Your spell library contained the following spells:

 Spells                   Type           Power      Damage    Failure   Level
 Teleport Other           Tloc           9%         N/A       26%         3
 Vhi's Electric Charge    Tloc/Air       10%        N/A       45%         3
 Manifold Assault         Tloc           9%         N/A       65%         4


Dungeon Overview and Level Annotations

Branches:
Dungeon (1/15)

Altars:


Innate Abilities, Weirdness & Mutations

Your serpentine skin is tough. (AC +0)
You have supernaturally acute eyesight. (SInv)
Armour fits poorly on your strangely shaped body.
Your system is resistant to poisons. (rPois)
You cover ground very slowly.
You can spit poison.
You have a snake-like lower body.


Message History

The quokka bites you. The jackal closely misses you.
You are too injured to fight recklessly!
Aiming: Spit Poison (2% risk of failure)
Press: ? - help, Q - select action, (/) - cycle Shift-Dir - straight line, f/p - jackal
Aim: a jackal (50% to hit)
The splash of poison hits the jackal but does no damage.
The jackal is poisoned.
The quokka bites you. The jackal barely misses you.
The quokka closely misses you.
You closely miss the quokka. The jackal closely misses you.
The quokka closely misses you. The jackal bites you.
You closely miss the quokka. The jackal closely misses you.
The quokka bites you.
Number of times to repeat, then command key: You must enter the number of times for the command to repeat.
You barely miss the jackal.
The jackal is severely wounded.
The jackal barely misses you. The quokka bites you.
* * * LOW HITPOINT WARNING * * *
The jackal bites you but does no damage.
Unknown command.
You closely miss the jackal.
The jackal is severely wounded.
The quokka closely misses you. The jackal barely misses you.
Unknown command.
You hit the jackal but do no damage.
The jackal is almost dead.
You have got your breath back.
The quokka twitches its whiskers.
The quokka bites you.
* * * LOW HITPOINT WARNING * * *
The jackal bites you.
* * * LOW HITPOINT WARNING * * *
The quokka closely misses you.
You aren't carrying any potions.
Okay, then.
You completely miss the jackal.
The jackal is almost dead.
The jackal bites you.
You die...

. ##......... .
.####..........
#
...............
#
#.!...........
# #............
#...........
#...[h....#. #
#...@r.....# #
# #...........
..#
#...........
...
#...........
...
#..)......#.
$..
##..........
........##. ...
........## ...
...#####.# ...


You could see a quokka and a jackal (poisoned).

Vanquished Creatures
  A dart slug (D:1)
  A bat (D:1)
  2 endoplasms (D:1)
  2 giant cockroaches (D:1)
  2 hobgoblins (D:1)
  A jackal (D:1)
  A kobold (D:1)
  A frilled lizard (D:1)
  A goblin (D:1)
  A rat (D:1)
13 creatures vanquished.

Notes
Turn   | Place    | Note
-------+----------+-------------------------------------------
     0 | D:1      | pokedragonboy the Naga Warper began the quest for the Orb.
     0 | D:1      | Reached XP level 1. HP: 19/19 MP: 3/3
    94 | D:1      | Reached XP level 2. HP: 26/26 MP: 5/5
   205 | D:1      | Learned a level 2 spell: Blink
   208 | D:1      | Learned a level 2 spell: Lesser Beckoning
   232 | D:1      | Reached skill level 1 in Armour
   278 | D:1      | HP: 1/26 [jackal (3)]
   279 | D:1      | Slain by a jackal

Illustrated notes

Levels and vault maps discovered:
D:1:      tarquinn_simple_flora_water_a, layout_rooms

Skill      XL: |  1  2 |
---------------+-------+-----
Armour         | 1 |  1.0
Fighting       | |  2.1
Polearms       | |  2.4
Throwing       | |  0.8
Dodging        | |  1.8
Spellcasting   | |  2.0
Translocations | |  3.1

Action                     || total
---------------------------++-------
  Melee: Spear             ||    50
Ability: Spit Poison       ||     8
 Armour: Leather armour    ||    15
  Dodge: Dodged            ||    29

Table legend: (Time is in decaauts)
 A = Elapsed time spent in this place.
 B = Non-inter-level travel time spent in this place.
 C = Inter-level travel time spent in this place.
 D = Time resting spent in this place.
 E = Time spent auto-exploring this place.
 F = Levels seen in this place.
 G = Mean time per level.
                   A        B        C        D        E       F      G
               +--------+--------+--------+--------+--------+-----+--------+
         Total |    308 |    308 |      0 |    105 |    100 |   1 |  308.0 |
       Dungeon |    308 |    308 |      0 |    105 |    100 |   1 |  308.0 |
               +--------+--------+--------+--------+--------+-----+--------+

Top non-repeatable levels by time:
     D:1: 308 daAuts
